 Seeded DCSS version 0.30.1-4-g462c640d31 (webtiles) character file.

Game seed: 5 (custom seed)

75532 Kazon the Blocker (level 15, -6/78 HPs)
             Began as a Vine Stalker Fighter on Aug 24, 2023.
             Was a High Priest of Okawaru.
             Killed by divine providence
             ... invoked by a meliai
              (9 damage)
             ... on level 14 of the Dungeon on Aug 29, 2023.
             The game lasted 02:08:00 (17167 turns).

Kazon the Blocker (Vine Stalker Fighter)           Turns: 17167, Time: 02:08:05

Health: -6/78      AC: 20    Str: 22    XL:     15   Next: 50%
Magic:  0/24       EV: 11    Int:  8    God:    Okawaru [*****.]
Gold:   1928       SH: 23    Dex: 18    Spells: 14/14 levels left

rFire   + . .        q - +1 demon whip (venom)
rCold   + . .        c - +0 tower shield
rNeg    . . .        J - +0 scale mail of the Rose {Fly Stlth+}
rPois   .            Y - +1 helmet
rElec   .            A - scarf {rC+ rF+}
rCorr   .            H - +0 pair of gloves
SInv    .            s - +0 pair of boots
Will    +....        r - amulet of reflection
Stlth   +++          w - ring of the Tortoise {AC+8}
HPRegen 1.13/turn    E - +4 ring of slaying
MPRegen 0.19/turn

%: reflection, guardian spirit
@: flying
A: fangs 3, regeneration 1, magic shield, antimagic bite, no potion heal 2
a: Renounce Religion, Heroism, Finesse, Duel


You were on level 14 of the Dungeon.
You worshipped Okawaru.
Okawaru was extremely pleased with you.
You visited 3 branches of the dungeon, and saw 20 of its levels.
You also visited: Ossuary and Ice Cave.

You collected 2070 gold pieces.
You spent 142 gold pieces at shops.

Inventory:

Hand Weapons
 e - a +2 vampiric dagger
 f - a +0 scimitar of flaming
 h - the +10 zealot's sword {holy, Zealotry, *Rage rN+ EV+3}
   (You found it on level 3 of the Lair of Beasts)

   Zealotry:  Whenever the wielder enters a berserk rage, their allies are
   berserked alongside them.
   EV:        It affects your evasion (+3).
   rN:        It protects you from negative energy.
   *Rage:     It berserks you when you make melee attacks (+20% chance).
 q - a +1 demon whip of venom (weapon)
 v - a +0 vampiric war axe
Missiles
 x - 15 boomerangs
 B - 4 silver boomerangs
 D - a curare-tipped dart
 G - 26 poisoned darts
 N - a throwing net
 R - 7 atropa-tipped darts (quivered)
 T - a silver javelin
 Z - 5 javelins
Armour
 c - a +0 tower shield (worn)
 s - a +0 pair of boots (worn)
 A - a scarf of resistance (worn)
 H - a +0 pair of gloves (worn)
 J - the +0 scale mail of the Rose (worn) {Fly Stlth+}
   (Okawaru gifted it to you on level 5 of the Lair of Beasts)

   Fly:       It grants you flight.
   Stlth:     It makes you more stealthy.
 U - a +1 plate armour of fire resistance
 Y - a +1 helmet (worn)
Jewellery
 r - an amulet of reflection (around neck)
 w - the ring of the Tortoise (left hand) {AC+8}
   (You found it in an ice cave)

   [ring of protection]

   AC:        It affects your AC (+8).
 z - a ring of poison resistance
 E - a +4 ring of slaying (right hand)
 Q - a ring of protection from fire
Wands
 y - a wand of paralysis (20)
 O - a wand of digging (7)
 P - a wand of light (13)
 S - a wand of polymorph (4)
 V - a wand of iceblast (5)
 X - a wand of flame (31)
Scrolls
 a - a scroll of silence
 g - 3 scrolls of fog
 i - a scroll of noise {unknown}
 j - 5 scrolls of enchant armour
 l - 2 scrolls of magic mapping
 m - 6 scrolls of teleportation
 n - 4 scrolls of blinking {unknown}
 o - a scroll of poison
 I - 2 scrolls of enchant weapon {unknown}
 L - 3 scrolls of fear {unknown}
Potions
 b - 2 potions of cancellation
 d - 4 potions of might
 k - 12 potions of curing
 p - a potion of mutation {unknown}
 t - 7 potions of flight
 u - 2 potions of berserk rage
 C - 3 potions of lignification
 F - a potion of resistance
 K - a potion of haste
 M - 2 potions of magic
 W - 3 potions of invisibility


   Skills:
 + Level 8.5 Fighting
 + Level 6.0(7.3) Short Blades
 + Level 6.4(7.5) Long Blades
 + Level 6.5(7.3) Axes
 + Level 4.9(6.5) Maces & Flails
 + Level 5.0 Throwing
 + Level 6.2 Armour
 + Level 5.9 Dodging
 + Level 4.9 Stealth
 + Level 11.1 Shields
 * Level 10.8 Invocations
 * Level 10.1 Evocations


You had 14 spell levels left.
You didn't know any spells.
Your spell library contained the following spells:

 Spells                   Type           Power      Damage    Failure   Level
 Foxfire                  Conj/Fire      0%         2x1d4     98%         1
 Necrotise                Necr           0%         1d4       98%         1
 Ensorcelled Hibernation  Hex/Ice        0%         N/A       99%         2
 Static Discharge         Conj/Air       0%         2-2/arc   99%         2
 Frozen Ramparts          Ice            0%         1d1       100%        3
 Hailstorm                Conj/Ice       0%         3d3       100%        3
 Ignite Poison            Fire/Tmut/Pois 0%         N/A       100%        3
 Vampiric Draining        Necr           0%         2d6       100%        3
 Airstrike                Air            0%         2d(0-16)  100%        4
 Ice Form                 Ice/Tmut       0%         N/A       100%        4
 Leda's Liquefaction      Hex/Erth       0%         N/A       100%        4
 Sticky Flame             Conj/Fire      0%         2d3       100%        4
 Agony                    Necr           0%         N/A       100%        5
 Alistair's Intoxication  Tmut/Pois      0%         N/A       100%        5
 Blade Hands              Tmut           0%         N/A       100%        5
 Borgnjor's Vile Clutch   Necr/Erth      0%         N/A       100%        5
 Fireball                 Conj/Fire      0%         3d3       100%        5
 Lee's Rapid Deconstruct  Erth           0%         3d4*      100%        5
 Conjure Ball Lightning   Conj/Air       0%         3x3d6     100%        6
 Eringya's Noxious Bog    Tmut/Pois      0%         N/A       100%        6
 Plasma Beam              Fire/Air       0%         2x1d11    100%        6
 Starburst                Conj/Fire      0%         6d3       100%        6
 Statue Form              Tmut/Erth      0%         N/A       100%        6
 Discord                  Hex            0%         N/A       100%        8
 Disjunction              Tloc           0%         N/A       100%        8
 Ignition                 Fire           0%         3d3       100%        8
 Summon Ice Beast         Ice/Summ       Unusable   N/A       N/A         4
 Summon Lightning Spire   Summ/Air       Unusable   N/A       N/A         4
 Summon Forest            Summ/Tloc      Unusable   N/A       N/A         5
 Simulacrum               Ice/Necr       Unusable   N/A       N/A         6
 Summon Hydra             Summ           Unusable   N/A       N/A         7

Dungeon Overview and Level Annotations

Branches:
Dungeon (14/15)            Temple (1/1) D:4            Lair (5/5) D:8
  Swamp (0/4) Lair:3        Snake (0/4) Lair:3        Slime (0/5) Lair:5
    Orc (0/2) D:11         Vaults (0/5) D:13        Ossuary (visited)
  IceCv (visited)

Altars:
Dithmenos
Fedhas
Gozag
Hepliaklqana
Okawaru
Qazlal
Sif Muna
Trog
Uskayaw
Wu Jian
Xom
The Shining One

Shops:
D:8 *

Annotations:
D:14 1 runed translucent door, Kilet's ghost, adept GrEE


Innate Abilities, Weirdness & Mutations

You have razor-sharp teeth.
Your natural rate of healing is unusually fast.
When hurt, damage is shared between your health and your magic reserves.
Your bite disrupts and absorbs the magic of your enemies.
Potions cannot restore your health.


Message History

The meliai hits you but does no damage.
The meliai stings you but does no damage.
You closely miss the meliai. You bite the meliai, but do no damage.
You block the meliai's attack. The meliai barely misses you.
The meliai misses you. The meliai barely misses you.
You block the meliai's attack.
The meliai stings you but does no damage.
The meliai hits you but does no damage.
The meliai stings you but does no damage.
You completely miss the meliai. You block the meliai's attack.
The meliai stings you.
* * * LOW HITPOINT WARNING * * *
You are poisoned.
The meliai poisons you! You block the meliai's attack.
The meliai stings you but does no damage.
You block the meliai's attack. The meliai closely misses you.
You block the meliai's attack. The meliai stings you.
* * * LOW HITPOINT WARNING * * *
You are lethally poisoned!
The meliai poisons you!
You whack the meliai!
The meliai is poisoned.
You bite the meliai. You drain its power.
You feel invigorated.
The meliai is heavily wounded.
* * * LOW HITPOINT WARNING * * *
You feel extremely sick. You block the meliai's attack. x2
The meliai calls upon its god to heal the meliai.
The meliai is healed somewhat.
You block the meliai's attack. The meliai stings you.
* * * LOW HITPOINT WARNING * * *
The meliai calls upon its god to heal the meliai.
The meliai is healed somewhat.
Your system rejects the healing.
You feel better.
The meliai calls down the wrath of its god upon you.
Something smites you!
* * * LOW HITPOINT WARNING * * *
You block the meliai's attack. x2
The meliai calls down the wrath of its god upon you.
Something smites you!
You die...

#... #... #...#####
#........ ####.......
.###### ....<.....##
....... ..........'.
......y########.......#.
......y@......#####...#.
########.........[#...#.
#.................#...#.
#.................#...#.
#.................#)..#.
#.................#...#. #
#.(...............#...#.
#.#.).............))#.####
#.##'######†#...)...'.#


You could see 2 meliai.

Vanquished Creatures
  Rupert (D:12)
  A white draconian (IceCv)
  Snorg (D:10)
  4 vault guards (D:13)
  6 hydras
  An ogre mage (D:12)
  3 centaur warriors
  A death knight (D:14)
  4 two-headed ogres
  3 boulder beetles
  3 death yaks (Lair:2)
  A tengu warrior (D:11)
  3 skeletal warriors (D:14)
  A skyshark (Lair:4)
  Amaemon (Lair:2)
  A fire crab (shapeshifter) (D:14)
  3 deep elf pyromancers
  An orc knight (D:12)
  12 ugly things
  A manticore (D:13)
  5 cyclopes
  A faun (shapeshifter) (D:12)
  12 elephants
  Maurice (D:9)
  5 black mambas
  15 cane toads
  4 gargoyles
  An orange demon (Lair:2)
  An efreet (D:13)
  4 rime drakes (IceCv)
  10 komodo dragons
  A tengu conjurer (D:14)
  8 polar bears
  A meliai (D:14)
  2 meliai (shapeshifter)
  2 trolls
  A dream sheep (Lair:5)
  7 hornets
  5 blink frogs
  A slime creature (D:12)
  12 spriggans (Lair:5)
  4 shadows
  4 vampires
  Sigmund (D:4)
  A water elemental (D:12)
  2 wraiths
  8 wyverns
  27 yaks
  A human (shapeshifter) (D:14)
  7 basilisks
  3 steam dragons
  2 vampire mosquitoes (D:10)
  2 swamp worms (Lair:3)
  An acid dragon (D:13)
  17 water moccasins
  Duvessa (D:6)
  An ice beast (D:8)
  2 orc warriors
  A sky beast (D:7)
  7 black bears
  45 wolves
  9 centaurs
  4 boggarts (Lair:5)
  2 ogres
  A wolf (shapeshifter) (D:13)
  A phantom (D:11)
  An elf zombie (Ossuary)
  3 kobold brigands
  12 bullfrogs
  A gnoll sergeant (D:8)
  3 scorpions
  23 wights
  12 killer bees
  A troll zombie (D:11)
  Dowan (D:6)
  4 lindwurm simulacra (IceCv)
  5 howler monkeys
  A vampire bat (D:7)
  3 electric eels
  3 komodo dragon simulacra (IceCv)
  6 hounds
  A wyvern simulacrum (D:8)
  A centaur zombie (Ossuary)
  8 orc priests
  3 human zombies (Ossuary)
  A jelly (D:5)
  15 orc wizards
  6 iguanas
  11 ogre zombies
  A centaur simulacrum (D:8)
  7 mummies (Ossuary)
  11 gnolls
  5 acid dragon simulacra (IceCv)
  9 adders
  A shadow imp (D:8)
  13 white imps
  An ufetubus (D:4)
  9 steam dragon simulacra (IceCv)
  A worm zombie (D:7)
  2 adder zombies (Ossuary)
  3 worms
  35 orcs
  12 bats
  9 endoplasms
  A giant cockroach (D:1)
  11 goblins
  7 hobgoblins
  11 jackals
  22 kobolds
  3 quokkas (D:4)
  6 ball pythons
  3 frilled lizards
  A goblin skeleton (D:11)
  7 goblin zombies
  2 hobgoblin skeletons (D:11)
  10 hobgoblin zombies
  3 kobold zombies
  15 orc zombies (D:11)
  4 quokka zombies (Ossuary)
  4 rats
  4 rat zombies (Ossuary)
663 creatures vanquished.

Vanquished Creatures (others)
  A deep elf pyromancer (D:12)
  A manticore (D:12)
  A wolf (Lair:1)
3 creatures vanquished.

Grand Total: 666 creatures vanquished

Notes
Turn   | Place    | Note
-------+----------+-------------------------------------------
     0 | D:1      | Kazon the Vine Stalker Fighter began the quest for the Orb.
     0 | D:1      | Reached XP level 1. HP: 11/11 MP: 2/2
    38 | D:1      | Identified a scroll of acquirement
    38 | D:1      | Acquired an amulet of reflection
    57 | D:1      | Reached XP level 2. HP: 16/16 MP: 3/3
   351 | D:1      | Reached skill level 3 in Shields
   351 | D:1      | Reached XP level 3. HP: 20/20 MP: 4/4
   941 | D:2      | Gained mutation: Your natural rate of healing is unusually
                  | fast. [Vine Stalker growth]
   941 | D:2      | Reached XP level 4. HP: 24/24 MP: 5/5
  1463 | D:2      | Reached skill level 1 in Throwing
  1584 | D:3      | Found a blossoming altar of Fedhas.
  1607 | D:3      | Reached XP level 5. HP: 28/28 MP: 6/6
  1734 | D:3      | Found a stormy altar of Qazlal.
  1952 | D:3      | Identified the +2 sling "Qeuhanocyt" {speed, rElec Str-3
                  | Dex+2}
  1971 | D:3      | Found a faded altar of an unknown god.
  2049 | D:4      | Found a staircase to the Ecumenical Temple.
  2059 | Temple   | Entered the Ecumenical Temple
  2079 | Temple   | Became a worshipper of Warmaster Okawaru
  2135 | D:4      | Noticed a black bear
  2156 | D:4      | Killed a black bear
  2157 | D:4      | Reached skill level 1 in Invocations
  2161 | D:4      | Found a hazy altar of Hepliaklqana.
  2164 | D:4      | Found a shadowy altar of Dithmenos.
  2165 | D:4      | Noticed a shadow
  2214 | D:4      | Reached skill level 1 in Evocations
  2214 | D:4      | Reached XP level 6. HP: 32/32 MP: 7/7
  2220 | D:4      | Noticed a black bear
  2237 | D:4      | Killed a black bear
  2238 | D:4      | Reached skill level 1 in Short Blades
  2615 | D:4      | Reached * piety under Okawaru
  2616 | D:4      | Reached skill level 1 in Dodging
  2786 | D:4      | Noticed Sigmund
  2796 | D:4      | Killed Sigmund
  2797 | D:4      | Reached XP level 7. HP: 36/36 MP: 9/9
  2833 | D:5      | Entered Level 5 of the Dungeon
  2942 | D:5      | Reached skill level 4 in Shields
  2979 | D:5      | Reached ** piety under Okawaru
  3041 | D:5      | Gained mutation: You have razor-sharp teeth. [Vine Stalker
                  | growth]
  3041 | D:5      | Reached XP level 8. HP: 40/40 MP: 10/10
  3300 | D:6      | Noticed Dowan
  3301 | D:6      | Noticed Duvessa
  3320 | D:6      | Killed Duvessa
  3321 | D:6      | Reached skill level 1 in Stealth
  3323 | D:6      | Killed Dowan
  3644 | D:6      | Found a shimmering altar of Xom.
  3876 | D:7      | Reached XP level 9. HP: 32/45 MP: 12/12
  3879 | D:7      | Reached *** piety under Okawaru
  3917 | D:7      | Found a sand-covered staircase.
  3938 | D:7      | Reached skill level 5 in Shields
  3965 | Ossuary  | Entered an ossuary
  4308 | Ossuary  | Reached skill level 1 in Axes
  4777 | D:7      | Reached **** piety under Okawaru
  4800 | D:7      | Noticed a two-headed ogre
  4818 | D:7      | Killed a two-headed ogre
  4819 | D:7      | Reached skill level 5 in Fighting
  4819 | D:7      | Reached XP level 10. HP: 38/51 MP: 14/14
  5231 | D:8      | Reached skill level 5 in Evocations
  5264 | D:8      | Reached skill level 5 in Invocations
  5433 | D:8      | Reached skill level 6 in Shields
  5700 | D:8      | Found a staircase to the Lair.
  5847 | D:8      | Found Izo Qiri's Assorted Antiques.
  5856 | D:8      | Bought a sedimented brown potion for 26 gold pieces
  5856 | D:8      | Bought a curved iron wand for 116 gold pieces
  6120 | D:8      | Reached skill level 5 in Armour
  6215 | D:8      | Reached XP level 11. HP: 56/56 MP: 16/16
  6768 | D:9      | Received a gift from Okawaru
  6899 | D:9      | Reached ***** piety under Okawaru
  7371 | D:9      | Reached skill level 5 in Short Blades
  7373 | D:9      | Noticed Maurice
  7380 | D:9      | Paralysed by a hornet for 2 turns
  7387 | D:9      | Received a gift from Okawaru
  7391 | D:9      | Killed Maurice
  7521 | D:10     | Entered Level 10 of the Dungeon
  7548 | D:10     | Noticed a two-headed ogre
  7574 | D:10     | Killed a two-headed ogre
  7574 | D:10     | Received a gift from Okawaru
  7575 | D:10     | Reached skill level 7 in Shields
  7715 | D:10     | Noticed Snorg
  7739 | D:10     | Killed Snorg
  7934 | D:10     | Received a gift from Okawaru
  8348 | Lair:1   | Entered Level 1 of the Lair of Beasts
  8547 | Lair:1   | Reached XP level 12. HP: 62/62 MP: 18/18
  8783 | Lair:1   | Received a gift from Okawaru
  8793 | Lair:1   | Reached skill level 8 in Shields
  8802 | Lair:1   | Reached skill level 5 in Axes
  9099 | Lair:2   | Found an ornate altar of the Wu Jian Council.
  9502 | Lair:2   | Noticed a five-headed hydra
  9514 | Lair:2   | Killed a one-headed hydra
  9514 | Lair:2   | Identified the +2 ring mail of Resonance {Dex+3} (Okawaru
                  | gifted it to you on level 2 of the Lair of Beasts)
  9514 | Lair:2   | Received a gift from Okawaru
  9726 | Lair:2   | Noticed a death yak
  9728 | Lair:2   | Noticed a death yak
  9730 | Lair:2   | Noticed a death yak
  9750 | Lair:2   | Killed a death yak
  9758 | Lair:2   | Killed a death yak
  9780 | Lair:2   | Killed a death yak
  9930 | Lair:2   | Noticed Amaemon
  9953 | Lair:2   | Killed Amaemon
 10055 | Lair:3   | Reached XP level 13. HP: 67/67 MP: 19/19
 10056 | Lair:3   | Found a staircase to the Snake Pit.
 10091 | Lair:3   | Reached skill level 9 in Shields
 10208 | Lair:3   | Found a staircase to the Swamp.
 10239 | Lair:3   | Found the +10 zealot's sword {holy, Zealotry, *Rage rN+
                  | EV+3}
 10774 | Lair:3   | You fall into a shaft and drop 2 floors!
 10774 | Lair:5   | Entered Level 5 of the Lair of Beasts
 10818 | Lair:4   | Received a gift from Okawaru
 10906 | Lair:4   | Reached skill level 5 in Dodging
 11212 | Lair:4   | Reached skill level 1 in Maces & Flails
 11905 | Lair:5   | Reached XP level 14. HP: 71/72 MP: 21/21
 12013 | Lair:5   | Received a gift from Okawaru
 12049 | Lair:5   | Reached skill level 10 in Shields
 12318 | Lair:5   | Identified the +0 scale mail of the Rose {Fly Stlth+}
                  | (Okawaru gifted it to you on level 5 of the Lair of Beasts)
 12318 | Lair:5   | Received a gift from Okawaru
 12652 | Lair:5   | Found a staircase to the Slime Pits.
 13020 | D:10     | Found a shimmering blue altar of Sif Muna.
 13175 | D:11     | Found a staircase to the Orcish Mines.
 14249 | D:12     | Noticed Rupert
 14257 | D:12     | Paralysed by Rupert for 4 turns
 14266 | D:12     | Killed Rupert
 14332 | D:12     | Reached skill level 10 in Invocations
 14423 | D:12     | Found a frozen archway.
 14484 | IceCv    | Entered an ice cave
 14539 | IceCv    | Found the ring of the Tortoise {AC+8}
 14705 | IceCv    | Noticed a white draconian
 14735 | IceCv    | Killed a white draconian
 14736 | IceCv    | Reached skill level 5 in Long Blades
 14764 | IceCv    | Received a gift from Okawaru
 14802 | IceCv    | Identified the ring of Omumul {*Corrode rC+ Int+5 Dex+2
                  | Stlth+}
 15897 | D:13     | Got the Verses on Mutagenic Frost
 16056 | D:13     | Reached XP level 15. HP: 77/77 MP: 23/23
 16099 | D:13     | Found a gate to the Vaults.
 16390 | D:13     | Identified the +1 robe of the Marlin {-Tele rN+ Dex+3}
 16613 | D:14     | Found a runed translucent door.
 16623 | D:14     | Found a shimmering altar of Xom.
 16623 | D:14     | Noticed Kilet's ghost (adept GrEE)
 16749 | D:14     | Reached skill level 11 in Shields
 16768 | D:14     | Found a hide-covered altar of Uskayaw.
 16986 | D:14     | Received a gift from Okawaru
 17022 | D:14     | Reached skill level 5 in Throwing
 17022 | D:14     | Reached skill level 10 in Evocations
 17140 | D:14     | Received a gift from Okawaru
 17167 | D:14     | HP: 3/78 [meliai/divine providence (5)]
 17167 | D:14     | Killed from afar by a meliai

Illustrated notes

Levels and vault maps discovered:
D:1:      ebering_trefoil_3fold, layout_basic, st_stairs_14, serial_bayou_ford_a
D:2:      layout_basic, hangedman_decor_growths, minmay_close_crescents
D:3:      layout_rooms, mainiacjoe_overflow_concentric_impassable,
          mainiacjoe_overflow_paths, shapermc_ecumenical_altar_acropolis,
          chequers_serial_rivers_micro_b
D:4:      layout_basic, riverfiend_overflow_shadow_ancestor,
          minmay_temple_entry_glass, uniq_sigmund
D:5:      layout_gridville
D:6:      layout_basic, xom_teletrap_fun, uniq_duvessa
D:7:      layout_loops_ring, enter_ossuary_3, roderic_batcave
D:8:      layout_layer_cave, minmay_lair_entry_grove, serial_shops,
          nicolae_lakefront_shop, serial_ice, serial_ice_o, serial_ice_d,
          serial_ice_k, serial_ice_a
D:9:      layout_loops_ring, nicolae_wwwww, uniq_maurice
D:10:     layout_irregular_city, led_sif_pool, uniq_snorg
D:11:     layout_basic, zombieorc2_lemuel, chequers_garden
D:12:     layout_basic, portal_ice_cave_entry_imps,
          chequers_serial_rivers_micro_e, minivault_28, uniq_rupert
D:13:     layout_basic, lightli_vaults_fourway_checkpoint, serial_corexii_hall,
          chequers_hall_statues_wall_a, chequers_hall_statues_wall_a
D:14:     layout_irregular_city, nicolae_uskayaw_dance_hall, ebering_ghost_xom,
          grunt_ministairs_12
Temple:   nicolae_temple_elliptical
Lair:1:   layout_big_grid, serial_bayou_pond_a
Lair:2:   layout_gridlike, basic_altar, uniq_amaemon
Lair:3:   layout_small_grid, swamp_mist, minmay_snake_entry_six_corridors,
          worms_lemuel, serial_bayou_shore_a
Lair:4:   layout_gridlike, nzn_random_ring, infiniplex_staircase_pool_2
Lair:5:   minmay_lair_end_enchanted_forest, layout_misc_corridors,
          dpeg_slime_entry_enclosed

Skill      XL: |  1  2  3  4  5  6  7  8  9 10 11 12 13 14 15 |
---------------+----------------------------------------------+-----
Fighting       | 3 4 5 6 7 8 |  8.5
Long Blades    | 2 3 4 5 6 |  6.4
Shields        | 3 4 5 6 7 8 9 10 11 | 11.1
Throwing       | 1 2 3 4 5 |  5.0
Armour         | 3 4 5 6 |  6.2
Invocations    | 1 2 3 4 5 6 7 9 10 | 10.8
Evocations     | 1 2 3 4 5 6 7 8 9 10 | 10.1
Short Blades   | 1 2 3 4 5 6 |  6.0
Dodging        | 1 2 3 4 5 |  5.9
Stealth        | 2 3 4 |  4.9
Axes           | 2 3 4 5 6 |  6.5
Maces & Flails | 2 4 |  4.9

Action                     |  1- 3 |  4- 6 |  7- 9 | 10-12 | 13-15 || total
---------------------------+-------+-------+-------+-------+-------++-------
  Melee: Long sword        |   109 |    61 |       |       |       ||   170
         Bite              |    15 |    61 |   179 |   381 |   436 ||  1072
         Dagger            |       |   138 |   377 |   668 |     4 ||  1187
         Hand axe          |       |       |   124 |    16 |   101 ||   241
         War axe           |       |       |       |   215 |    24 ||   239
         Demon whip        |       |       |       |       |   550 ||   550
         Eudemon blade     |       |       |       |       |   336 ||   336
  Throw: Stone             |       |    15 |    29 |    32 |    60 ||   136
         Dart              |       |     3 |    10 |    25 |    30 ||    68
         Boomerang         |       |       |    28 |    48 |    83 ||   159
         Javelin           |       |       |       |       |     6 ||     6
 Invoke: Heroism           |       |       |     5 |    18 |    10 ||    33
         Finesse           |       |       |       |     3 |     1 ||     4
  Evoke: Wand              |       |       |     1 |     9 |    11 ||    21
    Use: Scroll            |     2 |     2 |     1 |     9 |    10 ||    24
         Potion            |     1 |       |       |       |     1 ||     2
   Stab: Sleeping          |       |       |     4 |     9 |     1 ||    14
         Paralysed         |       |       |       |     4 |     3 ||     7
         Invisible         |       |       |       |       |     5 ||     5
 Armour: Scale mail        |    37 |    61 |    75 |    29 |   170 ||   372
         Steam dragon scal |       |       |       |    73 |       ||    73
         Ring mail         |       |       |       |     8 |    50 ||    58
  Dodge: Dodged            |    34 |    57 |   148 |   198 |   334 ||   771
  Block: Buckler           |    49 |   104 |   201 |     8 |       ||   362
         Reflection        |     1 |       |     1 |    14 |    41 ||    57
         Tower shield      |       |       |       |   946 |  1290 ||  2236
